cohdb
Replays
Latest Replays
All Replays
Popular Replays
Top Player Replays
Match Explorer
How It Works
Community
CoH3 Stats
Reddit
Sign in to upload your games and track your stats! →
Sign in with Steam
Match 43892106
Unlisted
Match 43892106
Overview
Messages
Build Orders
End
Vickers Machine Gun Team
Construct Section Command Post
Selects Air and Sea Battlegroup
Dingo Light Scout Car
Infantry Section
Selects Supply Surplus
Construct Field Infirmary
Infantry Section
Construct Platoon Command Post
Forward Retreat Point
Humber Armored Car
Construct Company Command Post
Selects UNKNOWN (223837)
Unlock M3 Grant Medium Tanks
M3 Grant Medium Tank
Royal Engineer Section
Armored Vehicle Training
Foot Guards Section
Infantry Training
M3 Grant Medium Tank
Foot Guards Section
Selects Commando Section Paradrop
Selects Commando Support Section Paradrop
M3 Grant Medium Tank
Selects Anti-tank Rocket Loiter
M3 Grant Medium Tank
Anti-tank Rocket Loiter
M3 Grant Medium Tank
M3 Grant Medium Tank
M3 Grant Medium Tank
Construct Resource Cache
Selects Naval Bombardment
Anti-tank Rocket Loiter
我真的不是驴
Jeremy
JT
冲锋大哥
花开的时候你就来看我
Chris P. Bacon
Calm
隔壁老王
0
0
Comments
sign in to comment!
No comments posted yet!